 Dungeon Crawl Stone Soup version 0.29.1-2-gbd0b4ee654 (webtiles) character file.

Game seed: 15526880592697196230

1626 RKaid the Gusty (level 8, 0/46 HPs)
             Began as an Octopode Air Elementalist on Dec 1, 2022.
             Was an Initiate of Gozag.
             Asphyxiated
             ... on level 6 of the Dungeon.
             The game lasted 00:24:23 (9167 turns).

RKaid the Gusty (Octopode Air Elementalist)         Turns: 9167, Time: 00:24:23

Health: 0/46       AC:  5    Str:  7    XL:     8   Next: 97%
Magic:  10/15      EV: 15    Int: 19    God:    Gozag
Gold:   306        SH:  0    Dex: 13    Spells: 12/17 levels left

rFire   . . .      SeeInvis .   a - staff of conjuration {!a}
rCold   . . .      Faith    .   (no shield)
rNeg    + . .      Spirit   .   (helmet restricted)
rPois   .          Reflect  .   (no amulet)
rElec   .          Harm     .   i - +4 ring of protection
rCorr   .          Rampage  .   j - +4 ring of slaying
Will    .....                   (no ring)
Stlth   +++.......              w - ring of positive energy {rN+}
HPRegen 0.15/turn               (no ring)
MPRegen 0.14/turn               (no ring)
                                (no ring)
                                (no ring)

@: lethally poisoned (0 -> -14), gold aura, slowed, very slow
A: almost no armour, amphibious, 8 rings, camouflage 1, gelatinous body 1,
(nimble swimmer 1), tentacles
a: Renounce Religion, Potion Petition, Call Merchant, Bribe Branch


You were on level 6 of the Dungeon.
You worshipped Gozag.
Gozag was aware of your devotion.
You visited 2 branches of the dungeon, and saw 7 of its levels.
You also visited: Ossuary.

You collected 479 gold pieces.
You paid 173 gold pieces to Gozag.

Inventory:

Hand Weapons
 b - a +1 dagger of venom
   (You took it off a kobold on level 6 of the Dungeon)
Missiles
 e - 11 poisoned darts (quivered)
 v - 6 curare-tipped darts
Magical Staves
 a - a staff of conjuration (weapon) {!a}
   (You found it on level 1 of the Dungeon)
Jewellery
 h - a ring of ice {rC+, rF-}
   (You found it on level 1 of the Dungeon)
 i - a +4 ring of protection (left tentacle)
   (You found it on level 1 of the Dungeon)
 j - a +4 ring of slaying (right tentacle)
   (You found it on level 3 of the Dungeon)
 w - a ring of positive energy (on tentacle) {rN+}
   (You took it off an orc wizard on level 5 of the Dungeon)
Scrolls
 d - a scroll of amnesia {unknown}
 f - 2 scrolls of silence
 g - 4 scrolls of poison {!r}
 k - a scroll of enchant armour {unknown}
 l - 2 scrolls of noise {!r}
 m - a scroll of fog {unknown}
 n - a scroll of magic mapping {unknown}
 t - 4 scrolls of teleportation
 u - a scroll of acquirement {unknown}
Potions
 c - a potion of curing
 o - a potion of flight
 p - 2 potions of haste
 q - 2 potions of attraction {unknown}
 r - a potion of heal wounds {unknown}
 s - 2 potions of lignification {unknown}
 x - a potion of cancellation {unknown}


   Skills:
 + Level 5.4 Dodging
 - Level 2.6 Stealth
 + Level 5.0 Spellcasting
 - Level 4.0 Conjurations
 * Level 7.9 Air Magic


You had 12 spell levels left.
You knew the following spells:

 Your Spells              Type           Power      Damage    Failure   Level
a - Shock                 Conj/Air       100%       1d9       1%          1
b - Airstrike             Air            17%        2d(3-19)  4%          4

Your spell library contained the following spells:

 Spells                   Type           Power      Damage    Failure   Level
 Static Discharge         Conj/Air       41%        3-9/arc   1%          2
 Swiftness                Air            34%        N/A       1%          3
 Summon Small Mammal      Summ           16%        N/A       12%         1
 Call Canine Familiar     Summ           4%         N/A       36%         3
 Gell's Gravitas          Tloc           4%         N/A       36%         3
 Lesser Beckoning         Tloc           4%         N/A       36%         3
 Ozocubu's Armour         Ice            4%         N/A       36%         3
 Summon Guardian Golem    Hex/Summ       4%         N/A       36%         3
 Teleport Other           Tloc           4%         N/A       36%         3
 Ozocubu's Refrigeration  Ice            2%         4d7       100%        7


Dungeon Overview and Level Annotations

Branches:
Dungeon (6/15)             Temple (1/1) D:5         Ossuary (visited)

Altars:
Ashenzari
Dithmenos
Gozag
Hepliaklqana
Makhleb
Nemelex Xobeh
Qazlal
Ru
Uskayaw
Vehumet
Wu Jian
Xom
Yredelemnul

Shops:
D:2 :

Annotations:
D:2 1 runed translucent door, Crazy Yiuf, Sigmund
D:6 exclusions: black bear, centaur and orc warrior


Innate Abilities, Weirdness & Mutations

You cannot wear most types of armour.
You are amphibious.
You can wear up to eight rings at the same time.
Your skin changes colour to match your surroundings (Stealth+).
Your rubbery body absorbs attacks. (AC +1, EV +1)
((You are camouflaged when in or above water. (Stealth+)))
You have tentacles for arms and can constrict up to eight enemies at once.


Message History

The gnoll hits the plant with a +0 whip.
The hobgoblin hits the plant.
Casting: Shock (safe; 1% risk of failure)
Confirm with . or Enter, or press ? or * to list all spells.
Aiming: Shock (safe; 1% risk of failure)
Press: ? - help, Shift-Dir - straight line, f - hound
Aim: a hound (64% to hit)
You feel a surge of power!
The zap hits the hound!
The zap hits the gnoll.
The zap hits the kobold brigand.
The hobgoblin shouts!
You hear a shout!
The kobold shouts!
You hear a shout!
The hound barely misses you. The hound bites you.
The gnoll hits the plant with a +0 whip.
The hobgoblin hits the plant.
You hear a shout!
Casting: Shock (safe; 1% risk of failure)
Confirm with . or Enter, or press ? or * to list all spells.
Aiming: Shock (safe; 1% risk of failure)
Press: ? - help, Shift-Dir - straight line, f/p - hound
Aim: a hound (heavily wounded, 64% to hit)
You feel a surge of power!
The zap hits the hound.
The zap hits the gnoll.
The zap hits the kobold brigand!
A nearby plant withers and dies.
The hound misses you.
The gnoll hits the plant with a +0 whip!
The hobgoblin hits the plant.
A hobgoblin comes into view.
The hound closely misses you.
The gnoll hits the plant with a +0 whip!
The hobgoblin hits the plant.
The hound bites you.
Casting: Shock (safe; 1% risk of failure)
Confirm with . or Enter, or press ? or * to list all spells.
Aiming: Shock (safe; 1% risk of failure)
Press: ? - help, Shift-Dir - straight line, f/p - hound
Aim: a hound (heavily wounded, 64% to hit)
You feel a surge of power!
The zap hits the hound!
You kill the hound!
The zap hits the gnoll.
The zap hits the kobold brigand.
A nearby plant withers and dies.
A gnoll sergeant comes into view. It is wielding a +0 spear of venom.
Your Spellcasting skill increases to level 5!
The hobgoblin attacks as you move away! The hobgoblin completely misses you.
The gnoll hits you with a +0 whip. The hobgoblin closely misses you.
The gnoll hits you with a +0 whip. The gnoll attacks as you move away!
The gnoll misses you.
The hound bites something.
The gnoll hits you with a +0 whip.
You feel yourself speed up. The gnoll attacks as you move away!
The gnoll barely misses you. The gnoll attacks as you move away!
The gnoll completely misses you.
Casting: Shock (safe; 1% risk of failure)
Confirm with . or Enter, or press ? or * to list all spells.
Aiming: Shock (safe; 1% risk of failure)
Press: ? - help, Shift-Dir - straight line, f - gnoll
Aim: a gnoll, wielding a +0 whip (severely wounded, 77% to hit)
You feel a surge of power!
The zap hits the gnoll.
The zap hits the kobold brigand!
The zap hits the hobgoblin.
The zap misses the hound.
The gnoll closely misses you.
Casting: Shock (safe; 1% risk of failure)
Confirm with . or Enter, or press ? or * to list all spells.
Aiming: Shock (safe; 1% risk of failure)
Press: ? - help, Shift-Dir - straight line, f/p - gnoll
Aim: a gnoll, wielding a +0 whip (severely wounded, 77% to hit)
You feel a surge of power!
The zap hits the gnoll.
The zap hits the kobold brigand.
The zap hits the hobgoblin!
You kill the hobgoblin!
The zap misses the hound.
The gnoll completely misses you.
Casting: Shock (safe; 1% risk of failure)
Confirm with . or Enter, or press ? or * to list all spells.
Aiming: Shock (safe; 1% risk of failure)
Press: ? - help, Shift-Dir - straight line, f/p - gnoll
Aim: a gnoll, wielding a +0 whip (almost dead, 77% to hit)
You feel a surge of power!
The zap hits the gnoll!
You kill the gnoll!
The zap hits the kobold brigand.
The zap hits the hound.
The kobold brigand throws a curare-tipped dart.
The curare-tipped dart hits you.
You are poisoned.
You have difficulty breathing.
You feel yourself slow down.
Casting: Shock (safe; 1% risk of failure)
Confirm with . or Enter, or press ? or * to list all spells.
Aiming: Shock (safe; 1% risk of failure)
Press: ? - help, Shift-Dir - straight line, f - kobold brigand
Aim: a kobold brigand, wielding a +0 short sword and quivering curare-tipped darts (almost dead, 67% to hit)
You feel a surge of power!
The zap hits the kobold brigand.
The zap hits the hound.
You feel sick.
The kobold brigand throws a curare-tipped dart.
The curare-tipped dart closely misses you.
The kobold brigand throws a curare-tipped dart.
The curare-tipped dart closely misses you.
Casting: Shock (safe; 1% risk of failure)
Confirm with . or Enter, or press ? or * to list all spells.
Aiming: Shock (safe; 1% risk of failure)
Press: ? - help, Shift-Dir - straight line, f/p - kobold brigand
Aim: a kobold brigand, wielding a +0 short sword and quivering curare-tipped darts (almost dead, 67% to hit)
You feel a surge of power!
The zap misses the kobold brigand.
The zap hits the hound.
You feel sick.
The kobold brigand throws a curare-tipped dart.
The curare-tipped dart hits you.
You are lethally poisoned!
You have difficulty breathing.
You die...
Your body crumbles into a pile of gold.

P.P.P..P♣P♣..... P......P........
.........$...... .##.##..###....
. #####........ o #............
.o ##..#.......##
.....###############...#...#...##
................@$Kh.............
.....#################...........
.## #.#...#.[### ..# #######
#........# ..#
#.....################.# ..###
#.###.#........)....##.# ....#
#.###.#(###########.##.# # #...#
#.##..#)#......# #.##[# # ##..#
#.##..#.#..###.## #.##.# #


You could see a kobold brigand and a hound.

Vanquished Creatures
  Eustachio (D:5)
  A water moccasin (D:5)
  An ice beast (D:5)
  An orc warrior (D:6)
  A black bear (D:5)
  A phantom (D:6)
  An elf zombie (Ossuary)
  A kobold brigand (D:6)
  A bullfrog (D:6)
  A scorpion (D:5)
  2 necrophages
  A hound (D:6)
  A jelly (D:6)
  4 orc priests
  2 iguanas
  5 orc wizards
  4 mummies (Ossuary)
  8 adders
  4 gnolls
  A white imp (D:6)
  An adder zombie (Ossuary)
  3 worms
  A dart slug (D:2)
  15 orcs
  5 ball pythons
  4 bats
  11 endoplasms
  2 giant cockroaches (D:1)
  4 goblins
  6 hobgoblins
  4 jackals (D:3)
  7 quokkas
  8 frilled lizards
  A goblin zombie (Ossuary)
  A jackal zombie (Ossuary)
  11 kobolds
  A kobold zombie (Ossuary)
  2 orc zombies (Ossuary)
  4 rats
  5 rat zombies (Ossuary)
138 creatures vanquished.

Vanquished Creatures (others)
  4 plants (D:6)
4 creatures vanquished.

Grand Total: 142 creatures vanquished

Notes
Turn   | Place    | Note
-------+----------+-------------------------------------------
     0 | D:1      | RKaid the Octopode Air Elementalist began the quest for the
                  | Orb.
     0 | D:1      | Reached XP level 1. HP: 11/11 MP: 3/3
   287 | D:1      | Reached XP level 2. HP: 17/17 MP: 3/5
  1115 | D:1      | Reached XP level 3. HP: 21/21 MP: 1/6
  1727 | D:2      | Found a faded altar of an unknown god.
  1879 | D:2      | Found Lufier's Vocational Training.
  1975 | D:2      | Found a runed translucent door.
  1976 | D:2      | Noticed Crazy Yiuf
  2079 | D:2      | Noticed Sigmund
  2234 | D:3      | Reached XP level 4. HP: 27/27 MP: 2/7
  2458 | D:3      | Reached skill level 2 in Conjurations
  2458 | D:3      | Reached skill level 4 in Air Magic
  2869 | D:3      | Reached XP level 5. HP: 30/31 MP: 2/9
  2874 | D:3      | HP: 3/31 [orc priest/divine providence (14)]
  2880 | D:3      | Reached skill level 3 in Dodging
  3269 | D:3      | Found a hide-covered altar of Uskayaw.
  3534 | D:4      | Reached skill level 3 in Spellcasting
  3534 | D:4      | Reached XP level 6. HP: 36/36 MP: 4/10
  3838 | D:4      | Learned a level 4 spell: Airstrike
  4191 | D:4      | Noticed a black bear
  4601 | D:4      | Found a burning altar of Makhleb.
  4747 | D:5      | Entered Level 5 of the Dungeon
  4955 | D:5      | Reached skill level 5 in Air Magic
  5058 | D:5      | Noticed a water moccasin
  5324 | D:5      | Noticed Eustachio
  5384 | D:5      | Killed Eustachio
  5385 | D:5      | Reached skill level 3 in Conjurations
  5385 | D:5      | Reached XP level 7. HP: 31/41 MP: 0/12
  5674 | D:6      | Found a sand-covered staircase.
  5686 | Ossuary  | Entered an ossuary
  5949 | Ossuary  | Reached skill level 4 in Dodging
  6329 | D:6      | Reached skill level 6 in Air Magic
  6575 | D:5      | Reached skill level 4 in Spellcasting
  6634 | D:5      | Reached skill level 4 in Conjurations
  6634 | D:5      | Reached XP level 8. HP: 38/46 MP: 6/14
  6816 | D:5      | Found a staircase to the Ecumenical Temple.
  6893 | Temple   | Entered the Ecumenical Temple
  6994 | Temple   | Became a worshipper of Gozag Ym Sagoz the Greedy
  7160 | D:5      | Reached skill level 7 in Air Magic
  7680 | D:5      | Reached skill level 5 in Dodging
  8306 | D:5      | Found a hazy altar of Hepliaklqana.
  9152 | D:6      | Reached skill level 5 in Spellcasting
  9167 | D:6      | HP: 10/46 [poisoned by a kobold brigand (curare-tipped
                  | dart)]
  9167 | D:6      | Asphyxiated

Illustrated notes

Levels and vault maps discovered:
D:1:      dpeg_arrival_arbitrary_a, layout_loops_corners,
          corexii_item_surrounded_by_moat, minmay_hexomino_p4
D:2:      layout_basic, chequers_ecumenical_altar_twisty,
          nicolae_shop_vocational, uniq_crazy_yiuf_cottage, uniq_sigmund
D:3:      layout_loops_cross, nicolae_uskayaw_suspiria
D:4:      wad_crossroads, layout_basic, mainiacjoe_overflow_chevrons
D:5:      layout_layer_cave, kennysheep_little_box, temple_green,
          minmay_a_box_with_orc_wizards_in_it, uniq_eustachio
D:6:      kennysheep_housing_project, layout_basic, kennysheep_mini,
          nicolae_ossuary_entry_ruins, minmay_between
Temple:   hellmonk_temple_beads

Skill      XL: |  1  2  3  4  5  6  7  8 |
---------------+-------------------------+-----
Conjurations   | 2 3 4 |  4.0
Air Magic      | 4 5 6 7 |  7.9
Dodging        | 3 4 5 |  5.4
Spellcasting   | 3 4 5 |  5.0
Stealth        | |  2.6

Action                   |  1- 3 |  4- 6 |  7- 9 || total
-------------------------+-------+-------+-------++-------
Melee: Staff             |     1 |       |    12 ||    13
       Constrict         |       |       |     3 ||     3
       Tentacles         |       |       |     3 ||     3
       Punch             |       |       |     1 ||     1
Throw: Dart              |       |       |     2 ||     2
 Cast: Shock             |    77 |    98 |   166 ||   341
       Airstrike         |       |     1 |     7 ||     8
  Use: Potion            |       |     2 |     1 ||     3
       Scroll            |       |     3 |     3 ||     6
Armor: Skin              |       |     7 |    14 ||    21
Dodge: Dodged            |     2 |    29 |    82 ||   113

Table legend: (Time is in decaauts)
 A = Elapsed time spent in this place.
 B = Non-inter-level travel time spent in this place.
 C = Inter-level travel time spent in this place.
 D = Time resting spent in this place.
 E = Time spent auto-exploring this place.
 F = Levels seen in this place.
 G = Mean time per level.
                   A        B        C        D        E       F      G
               +--------+--------+--------+--------+--------+-----+--------+
         Total |   9168 |   8895 |    273 |   2664 |   4178 |   8 | 1146.0 |
       Dungeon |   8506 |   8245 |    261 |   2406 |   4090 |   6 | 1417.7 |
        Temple |    114 |    102 |     12 |      0 |     88 |   1 |  114.0 |
       Ossuary |    547 |    547 |      0 |    258 |      0 |   1 |  547.0 |
               +--------+--------+--------+--------+--------+-----+--------+

Top non-repeatable levels by time:
     D:5: 2177 daAuts
     D:6: 1586 daAuts
     D:1: 1515 daAuts
     D:3: 1297 daAuts
     D:4: 1243 daAuts
     D:2: 685 daAuts
 Ossuary: 547 daAuts
  Temple: 114 daAuts

Table legend:
 A = Kills in this place as a percentage of kills in entire the game.
 B = Kills by you in this place as a percentage of kills by you in the entire game.
 C = Kills by friends in this place as a percentage of kills by friends in the entire game.
 D = Other kills in this place as a percentage of other kills in the entire game.
 E = Experience gained in this place as a percentage of experience gained in the entire game.
 F = Experience gained in this place divided by the number of levels of this place that you have seen.
                   A       B       C       D       E      F
               +-------+-------+-------+-------+-------+----------------------
         Total | 100.0 | 100.0 |   N/A |   N/A | 100.0 | 290.4
       Dungeon |  88.4 |  88.4 |   N/A |   N/A |  92.0 | 356.3
       Ossuary |  11.6 |  11.6 |   N/A |   N/A |   8.0 | 185.0
               +-------+-------+-------+-------+-------+----------------------
